 Dungeon Crawl Stone Soup version 0.25-a0-729-g14964f1db5 (console) character file.

Game seed: 3827066880694076889, levelgen mode: classic

159 Duffy the Magician (level 5, -1/42 HPs)
             Began as a Naga Wizard on Apr 7, 2020.
             Slain by a worker ant (7 damage)
             ... on level 5 of the Dungeon.
             The game lasted 00:03:04 (1500 turns).

Duffy the Magician (Naga Wizard)                    Turns: 1500, Time: 00:03:04

Health: -1/42      AC:  3    Str:  9    XL:     5   Next: 40%
Magic:  1/11       EV: 10    Int: 20    God:
Gold:   18         SH:  0    Dex:  9    Spells: 1/12 levels left

rFire    . . .     SeeInvis +   c - +0 short sword
rCold    . . .     Gourm    .   (no shield)
rNeg     . . .     Faith    .   a - +0 robe
rPois    +         Spirit   .   b - +0 hat
rElec    .         Reflect  .   g - +0 cloak
rCorr    .         Harm     .   (no gloves)
MR       .....                  (no barding)
Stlth    ++........             (no amulet)
HPRegen  0.14/turn              (no ring)
MPRegen  0.12/turn              (no ring)

@: short of breath, very slightly contaminated, very slow
A: large, see invisible, deformed body, poison resistance, slowness 2, slow
metabolism 1, spit poison 1, AC +1
a: Spit Poison


You were on level 5 of the Dungeon.
You were very hungry.

You visited 1 branch of the dungeon, and saw 5 of its levels.

You collected 18 gold pieces.

Inventory:

Hand Weapons
 c - a +0 short sword (weapon)
Armour
 a - a +0 robe (worn)
 b - a +0 hat (worn)
 g - a +0 cloak (worn)
Scrolls
 e - a scroll of random uselessness {unknown}
 f - a scroll of remove curse {unknown}
Comestibles
 d - 2 rations


   Skills:
 - Level 1.5 Dodging
 - Level 3.0 Stealth
 + Level 4.4 Spellcasting
 + Level 3.6 Conjurations
 - Level 1.0 Summonings
 - Level 1.0 Translocations


You had one spell level left.
You knew the following spells:

 Your Spells              Type           Power        Failure   Level  Hunger
h - Magic Dart            Conj           ###.         2%          1    None
i - Call Imp              Summ           #.......     12%         2    #......
l - Conjure Flame         Conj/Fire      ##......     19%         3    ###....
o - Mephitic Cloud        Conj/Pois/Air  #.......     22%         3    ###....
B - Blink                 Tloc           N/A          12%         2    #......

Your spell library contained the following spells:

 Spells                   Type           Power        Failure   Level  Hunger
 Slow                     Hex            #.......     19%         2    #......


Dungeon Overview and Level Annotations

Branches:
Dungeon (5/15)
 Temple: D:4-7

Altars:

Shops:
D:4 *


Innate Abilities, Weirdness & Mutations

You cannot wear boots.
Your serpentine skin is tough. (AC +1)
You have supernaturally acute eyesight. (SInv)
Armour fits poorly on your strangely shaped body.
Your system is resistant to poisons. (rPois)
You cover ground very slowly.
You have a slow metabolism.
You can spit poison.


Message History

Your crimson imp barely misses the worker ant.
The worker ant closely misses you.
Your crimson imp barely misses the worker ant.
You hit the worker ant but do no damage.
The worker ant is heavily wounded.
The worker ant misses you.
Your crimson imp closely misses the worker ant.
You hit the worker ant but do no damage.
The worker ant is heavily wounded.
The worker ant bites you but does no damage.
The worker ant barely misses you.
Your crimson imp hits the worker ant.
Press: ? - help, Shift-Dir - straight line, f/p - worker ant
Aim: a worker ant (heavily wounded)
The splash of poison misses the worker ant.
You feel slightly more hungry. The worker ant barely misses you.
Your crimson imp hits the worker ant but does no damage.
You closely miss the worker ant.
The worker ant is heavily wounded.
The worker ant bites you!
You die...

#.............#
#.#.........#
##.#.###.....# #
#<...#.......#.#
##.###.#.......#
#...#...#...###
###.#...#.########
#.#...#.##<....########.
#........)....@a........
#####..#.###.#5########.
#...>............#
##.......#....(()##
###############..# #..#
#.... #c..... ...~~~~..


You could see a worker ant and a friendly crimson imp.

Vanquished Creatures
  A centaur (D:5)
  A shadow imp (D:5)
  3 dart slugs
  A ball python (D:1)
  3 bats
  A goblin (D:3)
  A hobgoblin (D:2)
  A jackal (D:3)
  2 quokkas
  A frilled lizard (D:2)
  2 kobolds (D:1)
  2 rats (D:1)
19 creatures vanquished.

Vanquished Creatures (collateral kills)
  An ogre (D:5)
  An ooze (D:2)
  An adder zombie (D:3)
  An orc (D:2)
  3 jackals (D:3)
7 creatures vanquished.

Vanquished Creatures (others)
  A centaur (D:5)
  A worm (D:5)
  A leopard gecko (D:5)
  A leopard gecko zombie (D:5)
4 creatures vanquished.

Grand Total: 30 creatures vanquished

Notes
Turn   | Place    | Note
-------+----------+-------------------------------------------
     0 | D:1      | Duffy the Naga Wizard began the quest for the Orb.
     0 | D:1      | Reached XP level 1. HP: 15/15 MP: 4/4
   132 | D:1      | Reached XP level 2. HP: 22/22 MP: 4/6
   203 | D:2      | Learned a level 2 spell: Blink
   206 | D:2      | Learned a level 2 spell: Call Imp
   752 | D:2      | Reached XP level 3. HP: 9/28 MP: 0/8
   968 | D:2      | Learned a level 3 spell: Mephitic Cloud
  1314 | D:4      | Found Piraig's General Store.
  1335 | D:5      | Entered Level 5 of the Dungeon
  1335 | D:5      | Noticed an ogre
  1340 | D:5      | Killed an ogre
  1340 | D:5      | Reached XP level 4. HP: 36/36 MP: 4/9
  1343 | D:5      | Killed a centaur
  1351 | D:5      | Reached skill level 4 in Spellcasting
  1370 | D:5      | Learned a level 3 spell: Conjure Flame
  1468 | D:5      | Noticed a centaur
  1475 | D:5      | Killed a centaur
  1475 | D:5      | Reached XP level 5. HP: 6/42 MP: 4/11
  1480 | D:5      | HP: 2/42 [quokka (1)]
  1500 | D:5      | Slain by a worker ant

Levels and vault maps discovered:
D:1:      dpeg_arrival_orchard, layout_basic
D:2:      layout_loops_ring, kennysheep_generic_room_5, uniq_jessica
D:3:      layout_basic, chequers_ecumenical_altar_simple, patterned_corridor
D:4:      layout_basic, tgw_trog, serial_shops, nicolae_shop_waterfront, shop,
          nicolae_shop_waterfront, shop, shop, first_ration, uniq_pikel
D:5:      layout_basic, overflow_temple_1_default, xom_confusion_cloud,
          overflow_temple_1_default, chequers_temple_overflow_statue_of_worship,
          enter_ossuary_1, serial_park_tiny_pond

Skill      XL: |  1  2  3  4 |
---------------+-------------+-----
Conjurations   | 2 3 |  3.6
Spellcasting   | 4 |  4.4
Dodging        | |  1.5
Stealth        | |  3.0
Summonings     | |  1.0
Translocations | |  1.0

Action                   |  1- 3 |  4- 6 || total
-------------------------+-------+-------++-------
Melee: Short sword       |       |     4 ||     4
 Cast: Magic Dart        |    45 |     8 ||    53
       Call Imp          |     7 |     2 ||     9
       Mephitic Cloud    |       |     1 ||     1
 Abil: Spit Poison       |     4 |     3 ||     7
Armor: Robe              |     8 |     1 ||     9
Dodge: Dodged            |    17 |     6 ||    23

Table legend:
 A = Non-vault XP
 B = Vault XP
 C = Vault XP percentage of total XP
 D = Non-vault monster count
 E = Vault monster count
 F = Vault count percentage of total count
                 A         B        C        D         E       F
            +---------+---------+-------+---------+---------+-------
      Total |     226 |       2 |   0.9 |      25 |       1 |   3.8
            +---------+---------+-------+---------+---------+-------
        D:1 |      14 |       0 |   0.0 |       8 |       0 |   0.0
        D:2 |      22 |       0 |   0.0 |       7 |       0 |   0.0
        D:3 |      11 |       0 |   0.0 |       6 |       0 |   0.0
        D:4 |       2 |       0 |   0.0 |       1 |       0 |   0.0
        D:5 |     177 |       2 |   1.1 |       3 |       1 |  25.0
            +---------+---------+-------+---------+---------+-------
